 Dungeon Crawl Stone Soup version 0.30-a0-618-gd6c86c23d0 (webtiles) character file.

Game seed: 9575946859838725577

117291 HoaS the Crack Shot (level 16, 0/103 HPs)
             Began as a Gargoyle Hunter on Jan 9, 2023.
             Was a Believer of Zin.
             Slain by a spark wasp (12 damage)
             ... on level 2 of the Lair of Beasts.
             The game lasted 01:02:49 (24637 turns).

HoaS the Crack Shot (Gargoyle Hunter)              Turns: 24637, Time: 01:02:50

Health: 0/103      AC: 22    Str: 16      XL:     16   Next: 73%
Magic:  16/16      EV: 26    Int: 10 (11) God:    Zin [**....]
Gold:   3783       SH:  0    Dex: 20      Spells: 15/15 levels left

rFire   . . .      SeeInvis .    y - +8 storm bow {elec, penet}
rCold   . . .      Faith    .    (shield currently unavailable)
rNeg    + . .      Spirit   .    c - +1 leather armour
rPois   ∞          Reflect  .    H - +0 hat
rElec   +          Harm     .    A - +1 cloak {rCorr}
rCorr   +          Rampage  .    C - +2 pair of gloves {Dex+3}
Will    ++...                    I - +0 pair of boots
Stlth   ++                       M - amulet of the Mutiny {RegenMP rPois}
HPRegen 0.37/turn                J - +5 ring of evasion
MPRegen 0.55/turn                j - ring of willpower

@: about to teleport, flying
A: sickness immunity, AC +12, big wings, negative energy resistance 1,
electricity resistance, torment resistance 1, petrification resistance, clumsy 1
a: Renounce Religion, Recite, Vitalisation, Donate Gold


You were on level 2 of the Lair of Beasts.
You worshipped Zin.
Zin was pleased with you.
You visited 5 branches of the dungeon, and saw 24 of its levels.
You also visited: Sewer, Ossuary, Bailey and Gauntlet.

You collected 8615 gold pieces.
You spent 642 gold pieces at shops.
You donated 123 gold pieces to Zin.
You paid 4067 gold pieces to Gozag.

Inventory:

Hand Weapons
 y - the +8 storm bow (weapon) {elec, penet}
   (You acquired it on level 7 of the Dungeon)

   Any ammunition fired by it passes through the targets it hits, potentially
   hitting all targets in its path until it reaches maximum range.
Missiles
 e - 2 throwing nets
Armour
 c - a +1 leather armour (worn)
 A - a +1 cloak of preservation (worn)
 C - a +2 pair of gloves of dexterity (worn)
 H - a +0 hat (worn)
 I - a +0 pair of boots (worn)
Jewellery
 d - a ring of positive energy
 j - a ring of willpower (right hand)
 F - an amulet of the acrobat
 J - a +5 ring of evasion (left hand)
 M - the amulet of the Mutiny (around neck) {RegenMP rPois}
   (You found it in a Gauntlet)

   [amulet of magic regeneration]

   It increases your rate of magic regeneration.
   rPois:     It protects you from poison.
Wands
 g - a wand of iceblast (16)
 m - a wand of charming (33)
 r - a wand of acid (21)
 u - a wand of mindburst (15)
 v - a wand of flame (30)
 z - a wand of polymorph (12)
Scrolls
 a - 4 scrolls of magic mapping
 b - 3 scrolls of immolation
 h - 2 scrolls of silence
 i - 6 scrolls of teleportation
 p - a scroll of brand weapon
 q - 6 scrolls of noise
 t - 3 scrolls of fog
 B - 10 scrolls of fear
 E - 6 scrolls of identify
 G - a scroll of poison
 K - 2 scrolls of blinking
 L - a scroll of enchant armour
Potions
 f - 4 potions of mutation
 k - 9 potions of curing
 l - 3 potions of cancellation
 n - 6 potions of attraction
 o - 6 potions of ambrosia
 s - 3 potions of resistance
 w - 3 potions of invisibility
 x - 5 potions of lignification
 D - 2 potions of haste
 N - a potion of heal wounds


   Skills:
 * Level 12.8 Fighting
 - Level 22.0 Ranged Weapons
 * Level 13.7 Dodging
 - Level 1.1 Stealth
 + Level 1.0 Invocations


You had 15 spell levels left.
You didn't know any spells.
Your spell library contained the following spells:

 Spells                   Type           Power      Damage    Failure   Level
 Slow                     Hex            0%         N/A       43%         1
 Summon Small Mammal      Summ           0%         N/A       43%         1
 Call Canine Familiar     Summ           0%         N/A       80%         3
 Confusing Touch          Hex            0%         N/A       80%         3
 Hailstorm                Conj/Ice       0%         3d3       80%         3
 Inner Flame              Hex/Fire       0%         N/A       80%         3
 Portal Projectile        Hex/Tloc       0%         N/A       80%         3
 Stone Arrow              Conj/Erth      0%         3d7       80%         3
 Vampiric Draining        Necr           0%         2d6       80%         3
 Airstrike                Air            0%         2d(0-16)  99%         4
 Cause Fear               Hex            0%         N/A       99%         4
 Ice Form                 Ice/Tmut       0%         N/A       99%         4
 Leda's Liquefaction      Hex/Erth       0%         N/A       99%         4
 Petrify                  Tmut/Erth      0%         N/A       99%         4
 Summon Lightning Spire   Summ/Air       0%         N/A       99%         4
 Irradiate                Conj/Tmut      0%         3d11      100%        5
 Lightning Bolt           Conj/Air       0%         1d11      100%        5
 Simulacrum               Ice/Necr       0%         N/A       100%        6
 Discord                  Hex            0%         N/A       100%        8
 Sublimation of Blood     Necr           Unusable   N/A       N/A         2

Dungeon Overview and Level Annotations

Branches:
Dungeon (15/15)            Temple (1/1) D:4            Lair (5/5) D:8
 Shoals (0/4) Lair:3       Spider (1/4) Lair:2        Slime (0/5) Lair:5
    Orc (2/2) D:10            Elf (0/3) Orc:2        Vaults (0/5) D:14
 Depths (0/4) D:15          Sewer (visited)         Ossuary (visited)
 Bailey (visited)         Gauntlet (visited)

Altars:
Ashenzari
Cheibriados
Dithmenos
Elyvilon
Fedhas
Gozag
Hepliaklqana
Kikubaaqudgha
Makhleb
Nemelex Xobeh
Okawaru
Qazlal
Ru
Sif Muna
Trog
Uskayaw
Vehumet
Wu Jian
Xom
Yredelemnul
Zin
The Shining One
Jiyva
Lugonu

Shops:
D:1 (   D:5 :   D:7 *   D:10 [   D:12 [   Orc:1 :(*[[   Orc:2 ([*=

Annotations:
D:7 2 transporters
D:13 2 transporters, Esuin's ghost, journeyman DrCj
Lair:5 1 runed translucent door


Innate Abilities, Weirdness & Mutations

You are immune to sickness and miasma.
Your stone body is resilient. (AC +12)
You are immune to poison.
Your large and strong wings let you fly.
You resist negative energy. (rN+)
You are resistant to electric shocks. (rElec)
You are resistant to unholy torment.
You are immune to petrification.
You are clumsy. (Dex -2)


Message History

The arrow closely misses the spark wasp.
The arrow pierces through the orb spider!!
Lightning courses through the orb spider!
You kill the orb spider!
The spark wasp bursts into living lightning!
The living lightning misses you.
The spark wasp blinks!
You hear a shout!
Your Invocations skill increases to level 1!
You shoot an arrow. The arrow misses the spark wasp.
The spark wasp closely misses you.
Found 4 stones.
An orb spider simulacrum comes into view.
The spark wasp completely misses you.
The boulder beetle attacks as you move away!
The boulder beetle bites you! The spark wasp stings you.
The spark wasp shocks you. You resist. The spark wasp misses you.
The boulder beetle closely misses you. The spark wasp completely misses you.
The spark wasp closely misses you. The spark wasp stings you!!
The spark wasp shocks you. You resist. The spark wasp stings you!
* * * LOW HITPOINT WARNING * * *
The spark wasp shocks you. You resist.
* * * LOW HITPOINT WARNING * * *
The boulder beetle closely misses you.
The spark wasp's soul is no longer bound.
The spark wasp completely misses you.
There is a crawl-hole back to the Lair here.
The spark wasp stings you.
* * * LOW HITPOINT WARNING * * *
The spark wasp shocks you. You resist.
* * * LOW HITPOINT WARNING * * *
The boulder beetle bites you but does no damage.
The spark wasp misses you.
The boulder beetle bites you but does no damage.
The spark wasp completely misses you. The redback closely misses you.
You fly upwards.
Welcome back to the Lair of Beasts!
There is a hole to the Spider Nest here.
As you read the scroll of teleportation, it crumbles to dust.
You feel strangely unstable. The spark wasp stings you!
You die...

...............#.#..# #...#.###.#
....................####..### ###
..............#...#...#....# #
..P...............#.[#....## #
.............##...##.......# #
..#..#..P.............#....# #
............#.......#......######
....##......#....y..#..#..#.##.##
...........###..@..###.#.........
.................B...........##P.
..........#...#.......#......#...
..................#..............
..........##..#...##.##......#P..
.................................
..................##........P....
...........................#.....
#.#####..........#...##..........


You could see a boulder beetle (berserk, incited) and a spark wasp (fast,
incited).

Vanquished Creatures
  Jorgrun (D:15)
  Agnes (D:15)
  Louise (D:15)
  2 orc warlords
  The ghost of Qimion the Spry, a journeyman MfMo of Zin (D:14)
  Azrael (Orc:2)
  A minotaur (Gauntlet)
  Nessos (D:12)
  A great orb of eyes (D:15)
  A fire dragon (D:10)
  4 vault guards
  Harold (Lair:2)
  2 rakshasas (D:15)
  The ghost of bmj180 the Geomancer, a journeyman GrEE of Vehumet (D:12)
  7 hydras
  A catoblepas (D:15)
  6 centaur warriors
  6 death yaks (Lair:5)
  Erica (Lair:2)
  2 boulder beetles
  A death knight (D:14)
  5 two-headed ogres
  2 tengu warriors
  3 orc high priests
  2 pharaoh ants
  An orb spider (Spider:1)
  An orange crystal statue (Gauntlet)
  A lindwurm (Lair:5)
  6 orc knights
  A deep elf pyromancer (D:14)
  An obsidian statue (D:11)
  A wolf spider (Spider:1)
  16 ugly things
  3 cyclopes
  9 orc sorcerers
  A manticore (D:14)
  3 elephants (Lair:2)
  Maurice (D:13)
  2 rust devils (D:15)
  2 black mambas
  A black mamba (shapeshifter) (D:14)
  A smoke demon (D:15)
  A demonic crawler (Spider:1)
  7 cane toads
  2 gargoyles
  2 torpor snails
  3 efreet
  An unseen horror (D:11)
  An orange demon (D:15)
  A komodo dragon (shapeshifter) (D:10)
  A freezing wraith (D:15)
  8 rime drakes
  11 komodo dragons
  A yaktaur (D:14)
  A tengu conjurer (D:14)
  2 ice devils (D:15)
  10 trolls
  9 hornets
  A meliai (shapeshifter) (D:14)
  A polar bear (D:12)
  13 blink frogs
  A blink frog (shapeshifter) (D:13)
  A dream sheep (Lair:5)
  A centaur simulacrum (D:14)
  2 jumping spiders (Lair:2)
  11 slime creatures
  16 spriggans
  Sigmund (D:6)
  13 flying skulls (Gauntlet)
  4 shadows
  43 yaks
  6 wyverns
  A wraith (D:10)
  3 vampires
  A ynoxinul (D:15)
  3 fire elementals (Orc:2)
  3 basilisks
  Grum (D:10)
  A chaos spawn (D:15)
  2 redbacks
  A neqoxec (D:15)
  Edmund (D:5)
  4 vampire mosquitoes
  2 wargs
  Menkaure (D:6)
  2 acid dragons (D:11)
  5 hell hounds (Orc:2)
  A two-headed ogre zombie (D:10)
  9 water moccasins
  A floating eye (shapeshifter) (D:15)
  49 orc warriors
  A large abomination (Gauntlet)
  3 sky beasts
  8 black bears
  Pargi (Sewer)
  6 ogres
  8 boggarts
  43 wolves
  17 centaurs
  2 kobold brigands (D:10)
  11 bullfrogs
  5 phantoms
  A necrophage (D:7)
  2 gnoll sergeants
  A scorpion (D:4)
  5 wights (D:10)
  7 killer bees (D:10)
  3 small abominations (Gauntlet)
  5 electric eels
  3 howler monkeys
  A lava snake (D:10)
  A centaur zombie (Ossuary)
  2 jellies
  2 human zombies (Ossuary)
  16 orc priests
  11 hounds
  4 iguanas
  Natasha (D:3)
  27 orc wizards
  7 ogre zombies (D:10)
  2 mummies (Ossuary)
  17 gnolls
  A river rat (D:6)
  6 adders
  A shadow imp (D:7)
  A white imp (D:6)
  4 ufetubi
  2 adder zombies (Ossuary)
  4 worms
  6 dart slugs
  73 orcs
  13 endoplasms
  3 giant cockroaches
  19 hobgoblins
  7 kobolds
  12 quokkas
  6 ball pythons
  6 bats
  A frilled lizard (D:3)
  21 goblins
  2 goblin skeletons (D:10)
  4 goblin zombies (D:10)
  A hobgoblin skeleton (D:10)
  11 hobgoblin zombies
  3 jackal zombies (Ossuary)
  7 kobold zombies (Ossuary)
  2 orc skeletons (D:10)
  26 orc zombies
  7 rats
  A rat zombie (Ossuary)
845 creatures vanquished.

Vanquished Creatures (others)
  5 demonic plants (D:15)
  48 fungi
  33 plants
  24 withered plants (Gauntlet)
110 creatures vanquished.

Grand Total: 955 creatures vanquished

Notes
Turn   | Place    | Note
-------+----------+-------------------------------------------
     0 | D:1      | HoaS the Gargoyle Hunter began the quest for the Orb.
     0 | D:1      | Reached XP level 1. HP: 12/12 MP: 1/1
   194 | D:1      | Reached XP level 2. HP: 17/17 MP: 2/2
   271 | D:1      | You fall into a shaft and drop 1 floor!
   568 | D:1      | Found Hitz's Weapon Shop.
   949 | D:2      | Reached XP level 3. HP: 18/21 MP: 3/3
  1045 | D:2      | Reached skill level 5 in Ranged Weapons
  1436 | D:3      | Found a faded altar of an unknown god.
  1520 | D:3      | Reached XP level 4. HP: 26/26 MP: 4/4
  1525 | D:3      | Found a snail-covered altar of Cheibriados.
  1840 | D:3      | Reached skill level 6 in Ranged Weapons
  1840 | D:3      | Reached XP level 5. HP: 21/30 MP: 5/5
  2176 | D:3      | Noticed Natasha
  2192 | D:3      | Killed Natasha
  2259 | D:3      | Noticed a black bear
  2283 | D:3      | Killed a black bear
  2284 | D:3      | Reached skill level 7 in Ranged Weapons
  2284 | D:3      | Reached XP level 6. HP: 29/35 MP: 6/6
  2494 | D:4      | Found a staircase to the Ecumenical Temple.
  2558 | D:4      | Found a sand-covered staircase.
  2563 | Ossuary  | Entered an ossuary
  2877 | Ossuary  | Reached skill level 8 in Ranged Weapons
  2941 | Ossuary  | Reached XP level 7. HP: 34/40 MP: 7/7
  3251 | Temple   | Entered the Ecumenical Temple
  3396 | Temple   | Became a worshipper of Gozag Ym Sagoz the Greedy
  3670 | D:4      | Reached skill level 9 in Ranged Weapons
  4143 | D:5      | Entered Level 5 of the Dungeon
  4224 | D:5      | Reached XP level 8. HP: 44/44 MP: 8/8
  4756 | D:4      | Reached skill level 10 in Ranged Weapons
  5285 | D:5      | Reached skill level 11 in Ranged Weapons
  5525 | D:5      | Noticed Edmund
  5557 | D:5      | Killed Edmund
  5780 | D:5      | Found Nefopnof's Book Shop.
  5904 | D:5      | Found a glowing silver altar of Zin.
  6105 | D:6      | Reached XP level 9. HP: 45/48 MP: 9/9
  6111 | D:6      | Noticed Sigmund
  6116 | D:6      | Killed Sigmund
  6117 | D:6      | Reached skill level 12 in Ranged Weapons
  6224 | D:6      | Found a hazy altar of Hepliaklqana.
  6350 | D:6      | Noticed Menkaure
  6368 | D:6      | Killed Menkaure
  6567 | D:6      | Found a glowing drain.
  6571 | Sewer    | Entered a sewer
  6607 | Sewer    | Noticed Pargi
  6618 | Sewer    | Killed Pargi
  7039 | D:7      | Found Mifruesas's Gadget Gallery.
  7166 | D:7      | Reached skill level 13 in Ranged Weapons
  7617 | D:7      | Identified a scroll of acquirement
  7617 | D:7      | Acquired the +8 storm bow {elec, penet}
  7617 | D:7      | Found the +8 storm bow {elec, penet}
  7663 | D:7      | Found a transporter.
  7663 | D:7      | Noticed an ancient zyme
  7666 | D:7      | Found a corrupted altar of Lugonu.
  7667 | D:7      | Noticed a white ugly thing
  7797 | D:7      | Noticed a white ugly thing
  7801 | D:7      | Found a transporter.
  7801 | D:7      | Noticed a cyan ugly thing
  7874 | D:8      | Noticed a troll
  7880 | D:8      | Reached skill level 14 in Ranged Weapons
  7880 | D:8      | Killed a troll
  7881 | D:8      | Reached XP level 10. HP: 53/53 MP: 10/10
  7894 | D:8      | Found a staircase to the Lair.
  8048 | D:8      | Reached skill level 15 in Ranged Weapons
  8209 | D:8      | Found a shimmering altar of Xom.
  8209 | D:8      | Found a shimmering altar of Xom.
  8210 | D:8      | Found a shimmering altar of Xom.
  8213 | D:8      | Found a shimmering altar of Xom.
  8213 | D:8      | Found a shimmering altar of Xom.
  8213 | D:8      | Found a shimmering altar of Xom.
  8218 | D:8      | Found a shimmering altar of Xom.
  8278 | D:8      | Found a flagged portal.
  8289 | Bailey   | Entered a bailey
  8655 | Bailey   | Noticed an orc warlord
  8698 | Bailey   | Killed an orc warlord
  8699 | Bailey   | Reached skill level 16 in Ranged Weapons
  8867 | Bailey   | Reached XP level 11. HP: 57/57 MP: 11/11
  8915 | Bailey   | Identified the +3 ring mail "Xuofu" {rPois Int+3}
  9353 | D:9      | Found a broken altar of Ashenzari.
  9480 | D:9      | Reached skill level 17 in Ranged Weapons
  9511 | D:9      | Found an ornate altar of the Wu Jian Council.
  9940 | D:9      | Reached skill level 19 in Ranged Weapons
  9940 | D:9      | Reached XP level 12. HP: 62/62 MP: 12/12
 10019 | Lair:1   | Entered Level 1 of the Lair of Beasts
 10892 | Lair:2   | Noticed Harold
 11077 | Lair:2   | Reached skill level 20 in Ranged Weapons
 11087 | Lair:2   | Found a hole to the Spider Nest.
 11140 | Lair:2   | Killed Harold
 11255 | Lair:2   | Noticed Erica
 11260 | Lair:2   | Killed Erica
 11261 | Lair:2   | Reached XP level 13. HP: 66/66 MP: 13/13
 11380 | Lair:2   | Reached skill level 21 in Ranged Weapons
 11859 | Lair:3   | Identified the +6 halberd of the Twisting Butterfly {flame,
                  | rC+ Dex+3}
 12097 | Lair:3   | Found a staircase to the Shoals.
 12795 | Lair:4   | Reached skill level 22 in Ranged Weapons
 12998 | Lair:4   | Identified the +0 robe of Asuniyngei {Regen+ rCorr SInv}
 13338 | Lair:5   | Entered Level 5 of the Lair of Beasts
 13781 | Lair:5   | Found a runed translucent door.
 13781 | Lair:5   | Found a viscous altar of Jiyva.
 13782 | Lair:5   | Noticed an acid blob
 13828 | Lair:5   | Reached skill level 5 in Fighting
 13828 | Lair:5   | Reached skill level 5 in Dodging
 13828 | Lair:5   | Gained mutation: Your large and strong wings let you fly.
                  | [Gargoyle growth]
 13828 | Lair:5   | Reached XP level 14. HP: 47/78 MP: 14/14
 14212 | Lair:5   | Noticed an acid blob
 14678 | Lair:5   | Found a staircase to the Slime Pits.
 14830 | D:10     | Entered Level 10 of the Dungeon
 14848 | D:10     | Noticed Grum
 14851 | D:10     | Killed Grum
 15259 | D:10     | Identified the +1 pair of gloves of Focus {rN+ SInv}
 15310 | D:10     | Found an ancient bone altar of Kikubaaqudgha.
 15310 | D:10     | Found a bloodstained altar of Trog.
 15433 | D:10     | Found a staircase to the Orcish Mines.
 15847 | D:10     | Bought a +1 cloak of preservation for 214 gold pieces
 15847 | D:10     | Bought a +1 pair of gloves of dexterity for 214 gold pieces
 15905 | Orc:1    | Entered Level 1 of the Orcish Mines
 16053 | D:11     | Got Haikkad's Handbook of United Arcane Combat
 16785 | D:11     | Reached XP level 15. HP: 87/89 MP: 15/15
 17022 | D:12     | Noticed Nessos
 17028 | D:12     | Killed Nessos
 17091 | D:12     | Found a runed translucent door.
 17092 | D:12     | Noticed bmj180's ghost (journeyman GrEE)
 17094 | D:12     | Identified the +11 trident of Weqa Wotz {protect, rPois
                  | Int+4}
 17319 | D:12     | Killed bmj180's ghost
 17320 | D:12     | Reached skill level 10 in Dodging
 17981 | Orc:2    | Entered Level 2 of the Orcish Mines
 18303 | Orc:2    | Found Ovu Yfup's Antique Armour Shoppe.
 18312 | Orc:2    | Found Zoruiwim's Jewellery Boutique.
 18474 | Orc:2    | Reached skill level 10 in Fighting
 18551 | Orc:2    | Found Cenutieg's Antique Weapon Shop.
 18634 | Orc:2    | Noticed an orc warlord
 18634 | Orc:2    | Noticed Azrael
 18843 | Orc:2    | Found Reliseni's General Store.
 18906 | Orc:2    | Killed an orc warlord
 18920 | Orc:2    | Killed Azrael
 19049 | Orc:2    | Found a staircase to the Elven Halls.
 19104 | Orc:2    | Bought a scroll of magic mapping for 97 gold pieces
 19104 | Orc:2    | Bought a +0 hat for 52 gold pieces
 19104 | Orc:2    | Bought a potion of heal wounds for 65 gold pieces
 19146 | Orc:2    | Found a shimmering blue altar of Sif Muna.
 19395 | Orc:1    | Found Ibbium's Antique Weapon Shoppe.
 19624 | Orc:1    | Found Jaskyeb's Assorted Antiques.
 19631 | Orc:1    | Found Kupticei's Armour Emporium.
 19658 | Orc:1    | Found Vubrown's Antique Armour Emporium.
 19932 | Orc:1    | Found Pocke's Book Boutique.
 20179 | D:13     | Noticed Esuin's ghost (journeyman DrCj)
 20182 | D:13     | Found a bloodstained altar of Trog.
 20213 | D:13     | Found a transporter.
 20216 | D:13     | Found a transporter.
 20261 | D:13     | Noticed Maurice
 20266 | D:13     | Killed Maurice
 21279 | D:14     | Reached XP level 16. HP: 85/100 MP: 16/16
 21362 | D:14     | Found a hide-covered altar of Uskayaw.
 21598 | D:14     | Found a large runed translucent door.
 21644 | D:14     | Found a large runed translucent door.
 21646 | D:14     | Noticed Qimion's ghost (journeyman MfMo)
 21791 | D:14     | Found a gate to the Vaults.
 22418 | D:14     | Killed Qimion's ghost
 22600 | D:15     | Entered Level 15 of the Dungeon
 22691 | D:15     | Found a gate leading to a gauntlet.
 22701 | Gauntlet | Entered a Gauntlet
 22701 | Gauntlet | Found a transporter.
 22701 | Gauntlet | Found a transporter.
 22705 | Gauntlet | Found a transporter.
 22705 | Gauntlet | Found a transporter.
 22707 | Gauntlet | Found a large runed translucent door.
 22707 | Gauntlet | Found a transporter.
 22708 | Gauntlet | Found a large runed translucent door.
 22709 | Gauntlet | Found a large runed translucent door.
 22709 | Gauntlet | Found a large runed translucent door.
 22709 | Gauntlet | Found a runed translucent door.
 22709 | Gauntlet | Found a runed translucent door.
 22710 | Gauntlet | Found a large runed translucent door.
 22711 | Gauntlet | Found a large runed translucent door.
 22712 | Gauntlet | Found a large runed translucent door.
 22712 | Gauntlet | Found a large runed translucent door.
 22713 | Gauntlet | Found a runed translucent gate.
 22713 | Gauntlet | Found a runed translucent gate.
 22713 | Gauntlet | Found a runed translucent gate.
 22715 | Gauntlet | Found a transporter.
 22715 | Gauntlet | Found the +9 staff of Olgreb {rPois∞}
 22719 | Gauntlet | Found a transporter.
 22729 | Gauntlet | Found a transporter.
 22740 | Gauntlet | Found a transporter.
 22758 | Gauntlet | Found a transporter.
 22762 | Gauntlet | Found a transporter.
 22776 | Gauntlet | Found a transporter.
 22826 | Gauntlet | Found a large runed translucent door.
 22827 | Gauntlet | Found a large runed translucent door.
 22828 | Gauntlet | Found a large runed translucent door.
 22828 | Gauntlet | Found a large runed translucent door.
 22829 | Gauntlet | Found a large runed translucent door.
 22830 | Gauntlet | Found a large runed translucent door.
 22831 | Gauntlet | Found a large runed translucent door.
 22831 | Gauntlet | Found a large runed translucent door.
 23200 | Gauntlet | Identified the amulet of the Mutiny {RegenMP rPois}
 23376 | Gauntlet | Identified the +10 trident "Ohaebuf" {spect, Dex+4}
 23376 | Gauntlet | Identified the +5 ring mail "Fotuybeo" {rF+ rC+ MP-9 Str+3}
 23497 | D:15     | Noticed Louise
 23504 | D:15     | Killed Louise
 23523 | D:15     | Noticed Jorgrun
 23528 | D:15     | Gained mutation: You are clumsy. (Dex -2) [a neqoxec]
 23530 | D:15     | Killed Jorgrun
 23881 | D:15     | Noticed Agnes
 23886 | D:15     | Killed Agnes
 24073 | D:15     | Found a staircase to the Depths.
 24421 | D:5      | Fell from the grace of Gozag
 24421 | D:5      | Became a worshipper of Zin the Law-Giver
 24421 | D:5      | Reached * piety under Zin
 24421 | D:5      | Reached ** piety under Zin
 24564 | Spider:1 | Entered Level 1 of the Spider Nest
 24628 | Spider:1 | Reached skill level 1 in Invocations
 24637 | Lair:2   | Slain by a spark wasp

Illustrated notes

Levels and vault maps discovered:
D:1:      dpeg_arrival_three_same_balls, layout_basic, serial_shops, shop,
          minmay_pentomino_p4
D:2:      layout_loops_ring, nrook_mini_backslash,
          hangedman_abyss_or_decor_stabs
D:3:      minmay_chambers_of_threes, layout_loops_ring,
          mainiacjoe_overflow_catwalk, basic_ecumenical_altar,
          nicolae_kite_square_tiling_tiny, uniq_natasha
D:4:      layout_cave_pools, minmay_temple_entry_mist, enter_ossuary_2,
          kennysheep_dice
D:5:      layout_rooms, lemuel_coloured_pillars_altar, serial_shops, shop,
          moated_statue, uniq_edmund
D:6:      layout_basic, mainiacjoe_overflow_concentric_impassable,
          gup_sewer_entry_spiral, hangedman_abyss_or_decor_jellyfish_corner,
          uniq_menkaure, uniq_sigmund
D:7:      gammafunk_corrupted_shrine, layout_loops_ring, nicolae_shop_gadgets
D:8:      layout_basic, xom_shifter_show, erik_lair_island, enter_bailey_5
D:9:      layout_roguey, lemuel_tele_altar, evilmike_ruin_ashenzari,
          corexii_hall_statues_s
D:10:     minmay_ornate_pinched, layout_rooms, nicolae_overflow_two_pavilions,
          zombieorc2_lemuel, uniq_grum
D:11:     layout_loops_corners, minivault_16, evilmike_minifort
D:12:     layout_rooms, ebering_ghost_funeral_grove, uniq_nessos
D:13:     layout_long_grid, gammafunk_ghost_wrathful_warriors, uniq_maurice
D:14:     layout_stronghold, lightli_vaults_fourway_checkpoint,
          nicolae_uskayaw_en_pointe, ebering_ghost_disaster_area
D:15:     gammafunk_enter_depths_forms, layout_long_grid, serial_demonic,
          serial_demonic_b, serial_demonic_e, serial_demonic_c,
          serial_demonic_e, gauntlet_entry_generic, uniq_louise, uniq_agnes,
          uniq_jorgrun
Temple:   eino_temple_lava
Lair:1:   layout_regular_city
Lair:2:   layout_chaotic_city, nicolae_spider_entry_lesser_pyramids,
          chequers_serial_rivers_room_b, uniq_harold, uniq_erica
Lair:3:   layout_cave_pods, elwin_shoals_entry_rocks,
          nicolae_quartered_pool_medium
Lair:4:   layout_misc_corridors, serial_bayou_pond_c, minmay_lair_drake_nest
Lair:5:   minmay_lair_end_enchanted_forest, layout_regular_city, slime_entry_2,
          serial_bayou_lagoon_a, minivault_19, lemuel_fruit_tree,
          lemuel_fruit_fields
Spider:1: layout_spider_delve, hellmonk_deceptive_appearances, uniq_frances
Orc:1:    layout_caves, portal_ice_cave_entry_pillars_1, serial_shops,
          nicolae_diamond_shop, shop, shop, shop, shop_statue
Orc:2:    grunt_orc_gardens, layout_caves, grunt_orc_garden, grunt_orc_garden,
          grunt_orc_garden, grunt_orc_garden, kennysheep_orc_sif_temple,
          uniq_azrael

Skill      XL: |  1  2  3  4  5  6  7  8  9 10 11 12 13 14 15 16 |
---------------+-------------------------------------------------+-----
Ranged Weapons | 5 6 7 8 9 11 14 16 19 20 22 | 22.0
Dodging        | 5 9 12 13 | 13.7
Fighting       | 5 8 11 12 | 12.8
Invocations    | 1 |  1.0
Stealth        | |  1.1

Action                   |  1- 3 |  4- 6 |  7- 9 | 10-12 | 13-15 | 16-18 || total
-------------------------+-------+-------+-------+-------+-------+-------++-------
 Fire: Shortbow          |    87 |   204 |   502 |       |       |       ||   793
       Longbow           |       |       |    31 |   354 |  1265 |   365 ||  2015
Invok: Potion Petition   |       |       |       |     1 |     2 |     1 ||     4
       Call Merchant     |       |       |       |       |     2 |       ||     2
Evoke: Wand              |       |     2 |       |       |       |       ||     2
  Use: Scroll            |     8 |     2 |    11 |    10 |     9 |     2 ||    42
       Potion            |       |       |       |     6 |     5 |     1 ||    12
Armor: Leather armour    |     3 |    57 |   117 |    69 |   112 |    60 ||   418
Dodge: Dodged            |    13 |    66 |   161 |    77 |   222 |   227 ||   766

Table legend: (Time is in decaauts)
 A = Elapsed time spent in this place.
 B = Non-inter-level travel time spent in this place.
 C = Inter-level travel time spent in this place.
 D = Time resting spent in this place.
 E = Time spent auto-exploring this place.
 F = Levels seen in this place.
 G = Mean time per level.
                   A        B        C        D        E       F      G
               +--------+--------+--------+--------+--------+-----+--------+
         Total |  24048 |  22535 |   1513 |   4304 |  13342 |  28 |  858.9 |
       Dungeon |  14842 |  13798 |   1044 |   2571 |   8491 |  15 |  989.5 |
        Temple |    153 |    153 |      0 |     64 |     47 |   1 |  153.0 |
          Lair |   4732 |   4316 |    416 |    434 |   3169 |   5 |  946.4 |
   Spider Nest |     63 |     63 |      0 |     26 |      6 |   1 |   63.0 |
  Orcish Mines |   2117 |   2065 |     52 |    686 |    967 |   2 | 1058.5 |
         Sewer |     87 |     87 |      0 |     10 |     46 |   1 |   87.0 |
       Ossuary |    649 |    649 |      0 |    282 |    120 |   1 |  649.0 |
        Bailey |    741 |    741 |      0 |    132 |    286 |   1 |  741.0 |
      Gauntlet |    661 |    661 |      0 |     98 |    210 |   1 |  661.0 |
               +--------+--------+--------+--------+--------+-----+--------+

Top non-repeatable levels by time:
     D:4: 1674 daAuts
    D:14: 1371 daAuts
    D:13: 1200 daAuts
   Orc:1: 1168 daAuts
     D:5: 1131 daAuts
    D:10: 1070 daAuts
  Lair:5: 1013 daAuts
  Lair:1: 1000 daAuts
     D:6: 981 daAuts
  Lair:2: 965 daAuts
    D:11: 954 daAuts
   Orc:2: 949 daAuts
  Lair:4: 924 daAuts
     D:1: 896 daAuts
     D:3: 890 daAuts
